[ AOE2 MATCH · #484282998 ]
UnrankedArmenians vs Sicilians
[ REPLAY ANALYSIS · EXTRACTED FROM THE RECORDED GAME ]
Feudal
12:20
Castle
18:54
Imperial
38:25
| APM avg | 25.1 |
| APM peak | 78 |
| eAPM avg | 15.2 |
| Villagers / military | 117 / 125 |
Focus
⚔️ 36.9% · 🌾 63.1%
Militia ×81 · Composite Bowman ×31 · Battering Ram ×7 · Warrior Priest ×5 · Monk ×1
Feudal
9:44
Castle
15:23
Imperial
33:50
| APM avg | 31.4 |
| APM peak | 69 |
| eAPM avg | 16.7 |
| Villagers / military | 130 / 168 |
Focus
⚔️ 39.9% · 🌾 60.1%
Knight ×126 · Scout Cavalry ×40 · Monk ×2
Feudal
10:35
Castle
15:04
Imperial
40:22
| APM avg | 35.3 |
| APM peak | 85 |
| eAPM avg | 23.2 |
| Villagers / military | 198 / 123 |
Focus
⚔️ 24.5% · 🌾 75.5%
Knight ×99 · Serjeant ×13 · Spearman ×11
Feudal
—
Castle
—
Imperial
—
| APM avg | 3.6 |
| APM peak | 60 |
| eAPM avg | 2.7 |
| Villagers / military | 28 / 0 |
Focus
⚔️ 0.0% · 🌾 100.0%
Feudal
11:28
Castle
17:09
Imperial
34:08
| APM avg | 17.7 |
| APM peak | 119 |
| eAPM avg | 12.3 |
| Villagers / military | 111 / 214 |
Focus
⚔️ 27.0% · 🌾 73.0%
Scout Cavalry ×148 · Mangudai ×62 · Trebuchet (Packed) ×4
Feudal
13:34
Castle
17:17
Imperial
40:04
| APM avg | 31.3 |
| APM peak | 96 |
| eAPM avg | 20.6 |
| Villagers / military | 169 / 39 |
Focus
⚔️ 19.5% · 🌾 80.5%
Knight ×37 · Spearman ×2
Match map
Initial resources + every placement click. Lines = walls · curves = elevation contours. ◆ gold · ⬟ stone · ● berries · ✦ relic · ◌ wall gap
Your base· Open — unwalled flank
宇先生's base· Open — unwalled flank
eventu's base· Open — unwalled flank
Aleks_Syntek_Oficial's base· Open — unwalled flank
君临天下's base· Open — unwalled flank
BoBo's base· Open — unwalled flank
Smoothed initial terrain · ◌ = detected wall gap · hover for details
Inputs per minute
— 記憶卡蛙 - - 宇先生
Build order — 記憶卡蛙
First 150 of 430 actions detected
| 0:02 | Create | Villager (Male) |
| 0:03 | Create | Villager (Male) |
| 0:03 | Create | Villager (Male) |
| 0:03 | Create | Villager (Male) |
| 0:03 | Create | Villager (Male) |
| 0:05 | Build | House |
| 0:07 | Build | House |
| 1:25 | Create | Villager (Male) |
| 1:51 | Create | Villager (Male) |
| 1:59 | Build | Mule Cart |
| 2:29 | Create | Villager (Male) |
| 2:49 | Build | House |
| 2:50 | Build | House |
| 3:04 | Create | Villager (Male) |
| 3:05 | Create | Villager (Male) |
| 3:13 | Build | House |
| 3:42 | Create | Villager (Male) |
| 4:05 | Build | House |
| 4:12 | Create | Villager (Male) |
| 4:29 | Build | House |
| 4:47 | Create | Villager (Male) |
| 5:17 | Create | Villager (Male) |
| 5:17 | Create | Villager (Male) |
| 5:17 | Create | Villager (Male) |
| 5:50 | Build | Mule Cart |
| 6:03 | Build | House |
| 6:05 | Build | House |
| 6:41 | Create | Villager (Male) |
| 6:47 | Create | Villager (Male) |
| 7:08 | Build | Palisade Wall |
| 7:17 | Create | Villager (Male) |
| 7:42 | Build | Palisade Gate |
| 7:53 | Research | Loom |
| 8:21 | Create | Villager (Male) |
| 8:24 | Create | Villager (Male) |
| 8:43 | Build | Palisade Wall |
| 8:56 | Build | Mill |
| 9:12 | Build | Palisade Wall |
| 9:20 | Create | Villager (Male) |
| 9:26 | Create | Villager (Male) |
| 9:44 | Build | Palisade Wall |
| 9:48 | Research | Feudal Age |
| 9:56 | Build | Palisade Gate |
| 10:30 | Build | Barracks |
| 10:31 | Create | Villager (Male) |
| 10:55 | Create | Villager (Male) |
| 11:29 | Build | Farm |
| 11:31 | Build | Farm |
| 11:33 | Build | Farm |
| 11:44 | Build | Farm |
| 11:54 | Build | House |
| 12:11 | Build | Palisade Wall |
| 12:20 | Age | Feudal Age |
| 12:34 | Research | Double-Bit Axe |
| 12:52 | Research | Horse Collar |
| 12:55 | Create | Villager (Male) |
| 13:18 | Create | Villager (Male) |
| 13:33 | Build | Blacksmith |
| 13:53 | Create | Villager (Male) |
| 14:27 | Build | Market |
| 14:29 | Create | Villager (Male) |
| 14:39 | Create | Villager (Male) |
| 14:59 | Build | Farm |
| 15:18 | Create | Villager (Male) |
| 15:22 | Build | Farm |
| 15:43 | Build | Farm |
| 15:45 | Create | Villager (Male) |
| 15:47 | Build | Farm |
| 16:14 | Build | Farm |
| 16:14 | Research | Castle Age |
| 16:51 | Research | Stone Mining |
| 17:27 | Research | Fletching |
| 17:36 | Research | Padded Archer Armor |
| 18:12 | Research | Gold Mining |
| 18:31 | Create | Villager (Male) |
| 18:33 | Create | Villager (Male) |
| 18:54 | Age | Castle Age |
| 19:04 | Build | Castle |
| 19:12 | Build | Town Center |
| 19:22 | Create | Villager (Male) |
| 19:25 | Build | Farm |
| 19:38 | Research | Leather Archer Armor |
| 19:52 | Build | Farm |
| 19:53 | Create | Villager (Male) |
| 20:06 | Create | Villager (Male) |
| 20:13 | Build | Farm |
| 20:16 | Build | Farm |
| 20:21 | Create | Villager (Male) |
| 20:41 | Research | Scale Mail Armor |
| 20:42 | Research | Forging |
| 20:45 | Build | Farm |
| 20:47 | Create | Villager (Male) |
| 20:50 | Create | Composite Bowman |
| 20:51 | Create | Composite Bowman |
| 20:51 | Create | Composite Bowman |
| 20:51 | Create | Composite Bowman |
| 20:51 | Create | Composite Bowman |
| 20:51 | Create | Composite Bowman |
| 20:52 | Create | Composite Bowman |
| 20:52 | Create | Composite Bowman |
| 20:52 | Create | Composite Bowman |
| 20:52 | Create | Composite Bowman |
| 21:05 | Create | Composite Bowman |
| 21:10 | Build | Farm |
| 21:13 | Build | Farm |
| 21:15 | Build | Farm |
| 21:16 | Build | Farm |
| 21:19 | Build | Farm |
| 21:20 | Create | Villager (Male) |
| 21:27 | Create | Villager (Male) |
| 21:30 | Create | Villager (Male) |
| 21:34 | Build | Farm |
| 21:36 | Create | Villager (Male) |
| 21:41 | Create | Composite Bowman |
| 21:50 | Create | Villager (Male) |
| 21:59 | Build | Farm |
| 22:16 | Create | Villager (Male) |
| 22:26 | Build | Farm |
| 22:30 | Create | Villager (Male) |
| 23:06 | Create | Villager (Male) |
| 23:10 | Build | Farm |
| 23:11 | Create | Villager (Male) |
| 23:11 | Create | Villager (Male) |
| 23:14 | Create | Villager (Male) |
| 23:15 | Create | Villager (Male) |
| 23:15 | Create | Villager (Male) |
| 23:21 | Build | Farm |
| 23:22 | Create | Villager (Male) |
| 23:30 | Research | Wheelbarrow |
| 23:41 | Create | Composite Bowman |
| 23:41 | Create | Composite Bowman |
| 23:42 | Create | Composite Bowman |
| 23:47 | Create | Villager (Male) |
| 23:50 | Create | Villager (Male) |
| 23:54 | Research | Gambesons |
| 23:54 | Research | Squires |
| 24:12 | Create | Villager (Male) |
| 24:20 | Build | Monastery |
| 24:24 | Create | Villager (Male) |
| 24:25 | Create | Villager (Male) |
| 24:25 | Create | Villager (Male) |
| 24:37 | Create | Villager (Male) |
| 24:39 | Create | Villager (Male) |
| 24:41 | Research | Town Watch |
| 24:57 | Create | Villager (Male) |
| 25:06 | Build | Town Center |
| 25:14 | Create | Monk |
| 25:15 | Research | Sanctity |
| 25:24 | Build | Farm |
| 25:24 | Create | Villager (Male) |
Build order — 宇先生
First 150 of 437 actions detected
| 0:02 | Create | Villager (Male) |
| 0:02 | Create | Villager (Male) |
| 0:03 | Create | Villager (Male) |
| 0:03 | Create | Villager (Male) |
| 1:19 | Create | Villager (Male) |
| 1:47 | Create | Villager (Male) |
| 1:47 | Create | Villager (Male) |
| 2:10 | Build | Mill |
| 2:26 | Create | Villager (Male) |
| 2:27 | Create | Villager (Male) |
| 2:32 | Create | Villager (Male) |
| 2:32 | Create | Villager (Male) |
| 2:52 | Create | Villager (Male) |
| 2:52 | Create | Villager (Male) |
| 3:36 | Create | Villager (Male) |
| 3:49 | Create | Villager (Male) |
| 3:49 | Create | Villager (Male) |
| 4:04 | Create | Villager (Male) |
| 4:04 | Create | Villager (Male) |
| 4:04 | Create | Villager (Male) |
| 4:31 | Create | Villager (Male) |
| 4:31 | Create | Villager (Male) |
| 4:37 | Create | Villager (Male) |
| 4:37 | Create | Villager (Male) |
| 5:06 | Create | Villager (Male) |
| 5:06 | Create | Villager (Male) |
| 5:22 | Create | Villager (Male) |
| 5:22 | Create | Villager (Male) |
| 5:26 | Create | Villager (Male) |
| 5:26 | Create | Villager (Male) |
| 5:48 | Create | Villager (Male) |
| 5:48 | Create | Villager (Male) |
| 6:09 | Build | Lumber Camp |
| 6:10 | Create | Villager (Male) |
| 6:10 | Create | Villager (Male) |
| 6:38 | Research | Loom |
| 7:09 | Create | Villager (Male) |
| 7:11 | Create | Villager (Male) |
| 7:24 | Research | Feudal Age |
| 8:27 | Create | Villager (Male) |
| 8:28 | Create | Villager (Male) |
| 8:28 | Create | Villager (Male) |
| 8:29 | Create | Villager (Male) |
| 8:31 | Create | Villager (Male) |
| 9:44 | Age | Feudal Age |
| 9:50 | Build | Blacksmith |
| 10:19 | Build | Mining Camp |
| 11:27 | Build | Market |
| 11:53 | Create | Villager (Male) |
| 12:10 | Create | Villager (Male) |
| 12:40 | Research | Castle Age |
| 12:41 | Research | Castle Age |
| 13:03 | Build | Farm |
| 13:05 | Build | Farm |
| 13:07 | Build | Farm |
| 13:10 | Build | Farm |
| 13:15 | Research | Double-Bit Axe |
| 13:40 | Build | Farm |
| 14:23 | Build | Barracks |
| 15:18 | Create | Villager (Male) |
| 15:19 | Create | Villager (Male) |
| 15:23 | Age | Castle Age |
| 15:29 | Build | Stable |
| 15:33 | Build | Stable |
| 15:49 | Build | Farm |
| 15:50 | Build | Farm |
| 16:15 | Create | Knight |
| 16:17 | Create | Knight |
| 16:19 | Create | Knight |
| 16:41 | Build | Town Center |
| 16:51 | Create | Knight |
| 16:51 | Create | Knight |
| 17:00 | Build | Farm |
| 17:39 | Create | Knight |
| 17:43 | Create | Villager (Male) |
| 17:45 | Create | Villager (Male) |
| 18:43 | Build | Farm |
| 18:44 | Create | Villager (Male) |
| 18:44 | Create | Villager (Male) |
| 18:46 | Create | Villager (Male) |
| 19:17 | Build | Farm |
| 19:19 | Build | Farm |
| 19:20 | Build | Farm |
| 19:21 | Build | Farm |
| 19:22 | Create | Villager (Male) |
| 19:24 | Create | Villager (Male) |
| 19:28 | Build | Town Center |
| 20:10 | Create | Villager (Male) |
| 20:11 | Create | Villager (Male) |
| 20:13 | Create | Villager (Male) |
| 20:39 | Create | Villager (Male) |
| 20:41 | Create | Villager (Male) |
| 21:03 | Create | Villager (Male) |
| 21:03 | Create | Villager (Male) |
| 21:07 | Create | Villager (Male) |
| 21:16 | Create | Villager (Male) |
| 21:33 | Create | Knight |
| 21:41 | Build | Monastery |
| 21:43 | Build | University |
| 22:01 | Build | Farm |
| 22:03 | Build | Farm |
| 22:03 | Build | Farm |
| 22:13 | Research | Wheelbarrow |
| 22:20 | Build | Farm |
| 22:25 | Build | Farm |
| 22:50 | Create | Villager (Male) |
| 22:52 | Create | Villager (Male) |
| 23:04 | Create | Monk |
| 23:05 | Create | Monk |
| 23:34 | Create | Villager (Male) |
| 23:35 | Create | Villager (Male) |
| 23:38 | Build | Farm |
| 23:40 | Create | Villager (Male) |
| 23:43 | Create | Villager (Male) |
| 24:02 | Build | Farm |
| 24:03 | Create | Villager (Male) |
| 24:04 | Create | Villager (Male) |
| 24:14 | Create | Villager (Male) |
| 24:22 | Create | Villager (Male) |
| 24:46 | Build | Farm |
| 24:46 | Build | Farm |
| 24:46 | Build | Farm |
| 24:46 | Build | Farm |
| 24:46 | Build | Farm |
| 24:46 | Build | Farm |
| 24:47 | Build | Farm |
| 24:48 | Create | Villager (Male) |
| 24:50 | Create | Villager (Male) |
| 24:52 | Create | Villager (Male) |
| 24:54 | Build | Farm |
| 25:10 | Create | Villager (Male) |
| 25:11 | Create | Villager (Male) |
| 25:15 | Create | Villager (Male) |
| 25:15 | Create | Villager (Male) |
| 25:26 | Build | Farm |
| 25:26 | Build | Farm |
| 25:26 | Build | Farm |
| 25:26 | Build | Farm |
| 25:26 | Build | Farm |
| 25:26 | Build | Farm |
| 25:29 | Create | Villager (Male) |
| 25:31 | Create | Villager (Male) |
| 25:33 | Create | Villager (Male) |
| 26:12 | Create | Villager (Male) |
| 26:13 | Create | Villager (Male) |
| 26:15 | Research | Horse Collar |
| 26:19 | Build | Farm |
| 26:26 | Create | Villager (Male) |
| 26:26 | Create | Villager (Male) |
| 26:26 | Create | Villager (Male) |
Build order — eventu
First 150 of 548 actions detected
| 0:03 | Build | House |
| 0:04 | Build | House |
| 0:04 | Create | Villager (Male) |
| 0:05 | Create | Villager (Male) |
| 0:05 | Create | Villager (Male) |
| 0:05 | Create | Villager (Male) |
| 1:27 | Create | Villager (Male) |
| 1:48 | Build | Lumber Camp |
| 1:51 | Create | Villager (Male) |
| 2:26 | Create | Villager (Male) |
| 2:56 | Create | Villager (Male) |
| 3:00 | Create | Villager (Male) |
| 3:37 | Create | Villager (Male) |
| 3:54 | Build | House |
| 4:03 | Create | Villager (Male) |
| 4:03 | Create | Villager (Male) |
| 4:34 | Build | Mill |
| 4:38 | Create | Villager (Male) |
| 5:06 | Create | Villager (Male) |
| 5:48 | Create | Villager (Male) |
| 6:01 | Build | House |
| 6:04 | Create | Villager (Male) |
| 6:34 | Create | Villager (Male) |
| 6:35 | Create | Villager (Male) |
| 6:35 | Create | Villager (Male) |
| 6:35 | Create | Villager (Male) |
| 6:36 | Create | Villager (Male) |
| 6:41 | Build | Mill |
| 6:43 | Create | Villager (Male) |
| 6:49 | Create | Villager (Male) |
| 7:30 | Research | Loom |
| 7:38 | Build | Mining Camp |
| 8:19 | Research | Feudal Age |
| 8:49 | Build | Lumber Camp |
| 9:54 | Build | House |
| 10:35 | Age | Feudal Age |
| 10:49 | Build | Blacksmith |
| 11:36 | Build | Market |
| 12:24 | Research | Castle Age |
| 12:38 | Build | Farm |
| 12:40 | Build | Farm |
| 13:11 | Build | Farm |
| 13:13 | Build | Farm |
| 14:15 | Build | Farm |
| 15:04 | Age | Castle Age |
| 15:09 | Build | Town Center |
| 15:14 | Create | Villager (Male) |
| 15:14 | Create | Villager (Male) |
| 15:31 | Research | Double-Bit Axe |
| 15:50 | Create | Villager (Male) |
| 16:00 | Create | Villager (Male) |
| 16:17 | Build | Town Center |
| 16:27 | Create | Villager (Male) |
| 16:30 | Create | Villager (Male) |
| 16:41 | Create | Villager (Male) |
| 17:01 | Build | Farm |
| 17:02 | Build | Farm |
| 17:04 | Create | Villager (Male) |
| 17:12 | Build | Farm |
| 17:21 | Build | Farm |
| 17:24 | Create | Villager (Male) |
| 17:25 | Create | Villager (Male) |
| 17:26 | Create | Villager (Male) |
| 17:40 | Create | Villager (Male) |
| 17:41 | Create | Villager (Male) |
| 17:56 | Build | Farm |
| 17:58 | Build | Farm |
| 18:02 | Create | Villager (Male) |
| 18:03 | Create | Villager (Male) |
| 18:14 | Build | Farm |
| 18:20 | Create | Villager (Male) |
| 18:35 | Build | House |
| 18:41 | Create | Villager (Male) |
| 18:47 | Create | Villager (Male) |
| 18:58 | Build | Farm |
| 18:59 | Build | Farm |
| 19:03 | Build | Farm |
| 19:08 | Build | House |
| 19:18 | Build | Lumber Camp |
| 19:25 | Create | Villager (Male) |
| 19:26 | Create | Villager (Male) |
| 19:26 | Create | Villager (Male) |
| 19:38 | Build | Farm |
| 19:43 | Build | Town Center |
| 19:51 | Build | Farm |
| 19:55 | Build | Farm |
| 19:56 | Create | Villager (Male) |
| 19:56 | Create | Villager (Male) |
| 19:58 | Create | Villager (Male) |
| 20:06 | Build | Farm |
| 20:07 | Build | Farm |
| 20:11 | Research | Horse Collar |
| 20:18 | Build | House |
| 20:29 | Build | Palisade Wall |
| 20:32 | Create | Villager (Male) |
| 20:40 | Build | Farm |
| 20:41 | Build | Farm |
| 20:43 | Create | Villager (Male) |
| 20:44 | Create | Villager (Male) |
| 20:58 | Build | Barracks |
| 21:00 | Create | Villager (Male) |
| 21:00 | Create | Villager (Male) |
| 21:07 | Build | Farm |
| 21:08 | Build | Farm |
| 21:11 | Build | Farm |
| 21:17 | Create | Villager (Male) |
| 21:18 | Create | Villager (Male) |
| 21:33 | Create | Villager (Male) |
| 21:33 | Create | Villager (Male) |
| 21:34 | Create | Villager (Male) |
| 21:51 | Build | Farm |
| 21:52 | Build | Farm |
| 22:00 | Create | Villager (Male) |
| 22:00 | Create | Villager (Male) |
| 22:01 | Create | Villager (Male) |
| 22:04 | Build | Farm |
| 22:07 | Build | Farm |
| 22:10 | Create | Villager (Male) |
| 22:10 | Create | Villager (Male) |
| 22:16 | Build | House |
| 22:22 | Build | House |
| 22:26 | Create | Villager (Male) |
| 22:26 | Create | Villager (Male) |
| 22:27 | Create | Villager (Male) |
| 22:33 | Build | Farm |
| 22:37 | Build | Farm |
| 22:41 | Research | Wheelbarrow |
| 22:43 | Create | Villager (Male) |
| 23:07 | Build | Stable |
| 23:13 | Build | House |
| 23:19 | Create | Villager (Male) |
| 23:19 | Create | Villager (Male) |
| 23:19 | Create | Villager (Male) |
| 23:20 | Create | Villager (Male) |
| 23:20 | Create | Villager (Male) |
| 23:20 | Create | Villager (Male) |
| 23:46 | Build | Town Center |
| 23:50 | Create | Villager (Male) |
| 23:51 | Create | Villager (Male) |
| 23:51 | Create | Villager (Male) |
| 23:51 | Create | Villager (Male) |
| 23:52 | Create | Villager (Male) |
| 23:52 | Create | Villager (Male) |
| 24:03 | Create | Villager (Male) |
| 24:10 | Build | Farm |
| 24:11 | Build | Farm |
| 24:16 | Build | Farm |
| 24:21 | Create | Villager (Male) |
| 24:21 | Create | Villager (Male) |
| 24:22 | Create | Villager (Male) |
Build order — Aleks_Syntek_Oficial
33 actions detected in the replay
| 0:01 | Create | Villager (Male) ×4 |
| 0:02 | Research | Loom |
| 0:06 | Build | House |
| 0:09 | Build | House |
| 0:17 | Build | House |
| 0:32 | Build | House |
| 0:35 | Build | House |
| 0:37 | Build | House |
| 0:39 | Build | House |
| 2:03 | Create | Villager (Male) |
| 2:05 | Create | Villager (Male) |
| 2:05 | Create | Villager (Male) |
| 2:06 | Create | Villager (Male) |
| 2:45 | Create | Villager (Male) |
| 2:47 | Create | Villager (Male) |
| 2:48 | Create | Villager (Male) |
| 2:48 | Create | Villager (Male) |
| 2:49 | Create | Villager (Male) |
| 3:26 | Create | Villager (Male) |
| 3:27 | Create | Villager (Male) |
| 3:27 | Create | Villager (Male) |
| 3:28 | Create | Villager (Male) |
| 3:28 | Create | Villager (Male) |
| 3:29 | Create | Villager (Male) |
| 3:30 | Create | Villager (Male) |
| 4:19 | Create | Villager (Male) |
| 4:21 | Create | Villager (Male) |
| 4:21 | Create | Villager (Male) |
| 4:22 | Create | Villager (Male) |
| 4:22 | Create | Villager (Male) |
| 4:22 | Create | Villager (Male) |
| 4:23 | Create | Villager (Male) |
| 4:23 | Create | Villager (Male) |
Build order — 君临天下
First 150 of 307 actions detected
| 0:08 | Create | Villager (Male) ×4 |
| 0:11 | Build | House |
| 0:12 | Build | House |
| 0:41 | Build | House |
| 0:41 | Build | House |
| 1:39 | Create | Villager (Male) |
| 1:42 | Research | Loom |
| 2:23 | Create | Villager (Male) |
| 2:54 | Create | Villager (Male) ×2 |
| 3:22 | Create | Villager (Male) |
| 3:23 | Create | Villager (Male) |
| 3:35 | Create | Villager (Male) |
| 4:07 | Create | Villager (Male) ×2 |
| 4:45 | Create | Villager (Male) ×2 |
| 5:15 | Create | Villager (Male) ×2 |
| 5:28 | Create | Villager (Male) |
| 5:42 | Build | Lumber Camp |
| 5:45 | Create | Villager (Male) |
| 6:52 | Create | Villager (Male) ×2 |
| 7:24 | Create | Villager (Male) |
| 8:12 | Build | House |
| 8:15 | Build | House |
| 8:32 | Build | Mining Camp |
| 8:57 | Build | Mill |
| 9:11 | Research | Feudal Age |
| 9:36 | Build | Farm |
| 9:37 | Build | Farm |
| 9:38 | Build | Farm |
| 9:40 | Build | Farm |
| 9:41 | Build | Farm |
| 10:39 | Create | Villager (Male) ×5 |
| 11:28 | Age | Feudal Age |
| 11:40 | Build | Stone Wall |
| 11:46 | Create | Villager (Male) |
| 11:57 | Build | Blacksmith |
| 12:03 | Build | Market |
| 12:27 | Build | Stone Wall |
| 12:34 | Create | Villager (Male) |
| 12:54 | Build | Gate |
| 13:14 | Build | Farm |
| 13:21 | Build | Farm |
| 14:00 | Build | Farm |
| 14:29 | Research | Castle Age |
| 14:37 | Build | Mining Camp |
| 14:43 | Build | Mining Camp |
| 14:50 | Build | House |
| 14:51 | Build | House |
| 15:12 | Build | Stone Wall |
| 15:25 | Research | Double-Bit Axe |
| 15:29 | Research | Stone Mining |
| 15:33 | Research | Horse Collar |
| 15:45 | Build | Gate |
| 16:36 | Create | Villager (Male) ×5 |
| 16:48 | Research | Gold Mining |
| 17:09 | Age | Castle Age |
| 17:13 | Build | Town Center |
| 17:44 | Research | Bow Saw |
| 18:39 | Build | Town Center |
| 18:44 | Create | Villager (Male) |
| 18:45 | Create | Villager (Male) |
| 18:46 | Create | Villager (Male) |
| 18:49 | Create | Villager (Male) |
| 18:49 | Create | Villager (Male) |
| 20:14 | Build | Farm |
| 20:15 | Build | Farm |
| 20:16 | Build | Farm |
| 20:18 | Build | Farm |
| 20:20 | Build | Farm |
| 20:24 | Create | Villager (Male) ×5 |
| 20:30 | Create | Villager (Male) |
| 20:31 | Create | Villager (Male) |
| 20:32 | Create | Villager (Male) |
| 20:33 | Create | Villager (Male) |
| 20:34 | Create | Villager (Male) |
| 20:34 | Create | Villager (Male) |
| 20:40 | Build | Farm |
| 20:51 | Build | Farm |
| 21:01 | Create | Villager (Male) |
| 21:03 | Create | Villager (Male) |
| 21:23 | Build | Farm |
| 21:29 | Build | Farm |
| 21:32 | Create | Villager (Male) |
| 21:33 | Create | Villager (Male) |
| 21:38 | Create | Villager (Male) |
| 21:56 | Build | House |
| 22:01 | Build | House |
| 22:03 | Build | House |
| 22:07 | Build | Farm |
| 22:11 | Create | Villager (Male) |
| 22:15 | Build | Farm |
| 22:18 | Create | Villager (Male) |
| 22:49 | Build | Castle |
| 22:52 | Build | Farm |
| 23:05 | Create | Villager (Male) |
| 23:23 | Build | Stone Wall |
| 23:26 | Build | Stone Wall |
| 23:34 | Build | Farm |
| 23:38 | Create | Villager (Male) |
| 23:38 | Create | Villager (Male) |
| 23:40 | Create | Villager (Male) |
| 23:40 | Create | Villager (Male) |
| 23:41 | Create | Villager (Male) |
| 23:42 | Create | Villager (Male) |
| 23:42 | Create | Villager (Male) |
| 23:42 | Create | Villager (Male) |
| 23:51 | Build | House |
| 23:51 | Build | House |
| 23:52 | Build | House |
| 23:54 | Create | Villager (Male) |
| 24:09 | Build | Mining Camp |
| 24:16 | Build | Farm |
| 24:19 | Research | Nomads |
| 24:20 | Create | Mangudai ×5 |
| 24:41 | Build | Farm |
| 24:46 | Create | Villager (Male) |
| 24:46 | Create | Villager (Male) |
| 25:03 | Build | Farm |
| 25:11 | Build | Farm |
| 25:13 | Create | Villager (Male) |
| 25:14 | Create | Villager (Male) |
| 25:16 | Create | Villager (Male) |
| 25:18 | Create | Villager (Male) |
| 25:18 | Create | Villager (Male) |
| 25:18 | Create | Villager (Male) |
| 25:22 | Create | Villager (Male) |
| 25:42 | Build | Farm |
| 25:44 | Create | Villager (Male) |
| 25:45 | Create | Villager (Male) |
| 25:46 | Create | Villager (Male) |
| 25:53 | Build | Farm |
| 26:21 | Build | Castle |
| 26:43 | Build | Farm |
| 26:45 | Create | Villager (Male) |
| 26:45 | Create | Villager (Male) |
| 26:47 | Create | Villager (Male) |
| 26:48 | Create | Villager (Male) |
| 26:52 | Create | Villager (Male) |
| 26:52 | Create | Villager (Male) |
| 26:53 | Create | Villager (Male) |
| 26:53 | Create | Villager (Male) |
| 27:11 | Build | Farm |
| 27:20 | Build | Farm |
| 27:36 | Build | Farm |
| 27:39 | Create | Villager (Male) |
| 27:39 | Create | Villager (Male) |
| 27:41 | Create | Villager (Male) |
| 27:42 | Create | Villager (Male) |
| 27:43 | Create | Villager (Male) |
| 27:43 | Create | Villager (Male) |
| 27:43 | Create | Villager (Male) |
Build order — BoBo
First 150 of 467 actions detected
| 0:01 | Create | Villager (Male) |
| 0:01 | Create | Villager (Male) |
| 0:03 | Build | House |
| 0:05 | Build | House |
| 0:11 | Create | Villager (Male) |
| 0:11 | Create | Villager (Male) |
| 1:40 | Create | Villager (Male) |
| 1:40 | Create | Villager (Male) |
| 1:59 | Create | Villager (Male) |
| 1:59 | Create | Villager (Male) |
| 2:11 | Create | Villager (Male) |
| 2:11 | Create | Villager (Male) |
| 2:28 | Build | House |
| 2:31 | Research | Loom |
| 2:37 | Create | Villager (Male) |
| 2:37 | Create | Villager (Male) |
| 2:43 | Create | Villager (Male) |
| 2:57 | Build | House |
| 3:00 | Create | Villager (Male) |
| 3:01 | Create | Villager (Male) |
| 3:39 | Create | Villager (Male) |
| 3:39 | Create | Villager (Male) |
| 4:04 | Create | Villager (Male) |
| 4:05 | Create | Villager (Male) |
| 4:13 | Build | Lumber Camp |
| 4:16 | Create | Villager (Male) |
| 4:16 | Create | Villager (Male) |
| 4:43 | Create | Villager (Male) |
| 4:45 | Create | Villager (Male) |
| 4:46 | Create | Villager (Male) |
| 4:59 | Create | Villager (Male) |
| 4:59 | Create | Villager (Male) |
| 5:25 | Create | Villager (Male) |
| 5:25 | Create | Villager (Male) |
| 5:45 | Create | Villager (Male) |
| 5:45 | Create | Villager (Male) |
| 5:58 | Create | Villager (Male) |
| 5:58 | Create | Villager (Male) |
| 6:48 | Create | Villager (Male) |
| 6:48 | Create | Villager (Male) |
| 6:50 | Create | Villager (Male) |
| 6:51 | Create | Villager (Male) |
| 6:51 | Create | Villager (Male) |
| 7:00 | Create | Villager (Male) |
| 7:00 | Create | Villager (Male) |
| 7:03 | Create | Villager (Male) |
| 7:03 | Create | Villager (Male) |
| 7:33 | Create | Villager (Male) |
| 7:33 | Create | Villager (Male) |
| 7:54 | Create | Villager (Male) |
| 7:54 | Create | Villager (Male) |
| 9:15 | Build | House |
| 9:20 | Create | Villager (Male) |
| 9:35 | Build | House |
| 9:39 | Create | Villager (Male) |
| 10:37 | Build | Lumber Camp |
| 10:59 | Build | Mill |
| 11:24 | Research | Feudal Age |
| 11:24 | Research | Feudal Age |
| 11:31 | Build | Mining Camp |
| 13:00 | Create | Villager (Male) |
| 13:00 | Create | Villager (Male) |
| 13:34 | Age | Feudal Age |
| 13:38 | Build | Market |
| 13:42 | Build | Blacksmith |
| 13:48 | Create | Villager (Male) |
| 13:48 | Create | Villager (Male) |
| 14:01 | Build | Mill |
| 14:27 | Build | Mining Camp |
| 14:37 | Research | Castle Age |
| 14:37 | Research | Castle Age |
| 14:50 | Research | Stone Mining |
| 15:11 | Build | House |
| 15:13 | Build | House |
| 15:14 | Build | House |
| 15:37 | Research | Gold Mining |
| 16:40 | Create | Villager (Male) |
| 16:40 | Create | Villager (Male) |
| 16:55 | Research | Scale Barding Armor |
| 16:56 | Research | Forging |
| 17:02 | Build | Barracks |
| 17:17 | Age | Castle Age |
| 17:54 | Build | Castle |
| 18:06 | Build | Stable |
| 18:14 | Create | Villager (Male) |
| 19:00 | Create | Spearman |
| 19:00 | Create | Spearman |
| 19:02 | Create | Villager (Male) |
| 19:17 | Build | House |
| 19:18 | Create | Knight |
| 19:27 | Create | Villager (Male) |
| 19:45 | Create | Villager (Male) |
| 20:01 | Create | Knight |
| 20:02 | Create | Villager (Male) |
| 20:12 | Build | Town Center |
| 20:24 | Create | Villager (Male) |
| 20:38 | Create | Villager (Male) |
| 21:14 | Create | Villager (Male) |
| 21:18 | Create | Villager (Male) |
| 21:18 | Create | Villager (Male) |
| 21:25 | Build | Farm |
| 21:26 | Build | Farm |
| 21:26 | Build | Farm |
| 21:26 | Build | Farm |
| 21:26 | Build | Farm |
| 21:27 | Build | Farm |
| 21:27 | Build | Farm |
| 21:32 | Create | Villager (Male) |
| 21:38 | Create | Villager (Male) |
| 21:39 | Create | Villager (Male) |
| 22:04 | Create | Villager (Male) |
| 22:40 | Build | Mill |
| 22:42 | Build | Farm |
| 22:43 | Build | Farm |
| 22:43 | Build | Farm |
| 22:43 | Build | Farm |
| 22:43 | Build | Farm |
| 22:43 | Build | Farm |
| 22:44 | Build | Farm |
| 22:44 | Build | Farm |
| 22:44 | Build | Farm |
| 22:44 | Build | Farm |
| 22:57 | Build | Castle |
| 23:35 | Create | Villager (Male) |
| 23:35 | Create | Villager (Male) |
| 23:45 | Build | Farm |
| 23:45 | Build | Farm |
| 23:45 | Build | Farm |
| 23:46 | Build | Farm |
| 23:46 | Build | Farm |
| 23:46 | Build | Farm |
| 24:13 | Create | Villager (Male) |
| 24:25 | Create | Villager (Male) |
| 24:44 | Create | Villager (Male) |
| 25:06 | Build | Town Center |
| 25:17 | Create | Villager (Male) |
| 25:18 | Create | Villager (Male) |
| 25:34 | Build | Farm |
| 25:34 | Build | Farm |
| 25:34 | Build | Farm |
| 25:34 | Build | Farm |
| 25:35 | Build | Farm |
| 25:35 | Build | Farm |
| 25:35 | Build | Farm |
| 25:36 | Build | Farm |
| 25:36 | Build | Farm |
| 25:36 | Build | Farm |
| 25:36 | Build | Farm |
| 25:37 | Build | Farm |
| 25:37 | Build | Farm |
Match timeline
| 6:35 | Aleks_Syntek_Oficial · resign |
| 7:08 | 記憶卡蛙 · wall_segment Palisade Wall x11 |
| 8:43 | 記憶卡蛙 · wall_segment Palisade Wall x8 |
| 9:12 | 記憶卡蛙 · wall_segment Palisade Wall x8 |
| 9:44 | 記憶卡蛙 · wall_segment Palisade Wall x13 |
| 9:44 | 宇先生 · age_up feudal |
| 10:30 | 記憶卡蛙 · first_building Barracks |
| 10:35 | eventu · age_up feudal |
| 11:28 | 君临天下 · age_up feudal |
| 11:40 | 君临天下 · wall_segment Stone Wall x29 |
| 12:11 | 記憶卡蛙 · wall_segment Palisade Wall x11 |
| 12:20 | 記憶卡蛙 · age_up feudal |
| 12:27 | 君临天下 · wall_segment Stone Wall x2 |
| 13:34 | BoBo · age_up feudal |
| 14:23 | 宇先生 · first_building Barracks |
| 14:36 | BoBo · first_market_sell 100 food |
| 15:04 | eventu · age_up castle |
| 15:12 | 君临天下 · wall_segment Stone Wall x6 |
| 15:23 | 宇先生 · age_up castle |
| 15:29 | 宇先生 · first_building Stable |
| 15:39 | 記憶卡蛙 · first_market_buy 100 food |
| 17:02 | BoBo · first_building Barracks |
| 17:09 | 君临天下 · age_up castle |
| 17:17 | BoBo · age_up castle |
| 17:54 | BoBo · first_building Castle |
| 18:06 | BoBo · first_building Stable |
| 18:54 | 記憶卡蛙 · age_up castle |
| 19:04 | 記憶卡蛙 · first_building Castle |
| 20:29 | eventu · wall_segment Palisade Wall x4 |
| 20:58 | eventu · first_building Barracks |
| 21:41 | 宇先生 · first_building Monastery |
| 22:49 | 君临天下 · first_building Castle |
| 23:07 | eventu · first_building Stable |
| 23:23 | 君临天下 · wall_segment Stone Wall x6 |
| 23:26 | 君临天下 · wall_segment Stone Wall x1 |
| 23:32 | eventu · first_market_buy 100 stone |
| 24:20 | 記憶卡蛙 · first_building Monastery |
| 25:28 | eventu · wall_segment Stone Wall x5 |
| 26:49 | eventu · first_building Donjon |
| 28:21 | 君临天下 · first_building Barracks |
| 29:01 | 君临天下 · first_building Stable |
| 30:19 | 君临天下 · first_building Archery Range |
| 33:30 | BoBo · first_building Monastery |
| 33:50 | 宇先生 · age_up imperial |
| 34:08 | 君临天下 · age_up imperial |
| 34:57 | eventu · first_building Siege Workshop |
| 35:22 | eventu · first_building Castle |
| 35:32 | 記憶卡蛙 · first_building Siege Workshop |
| 38:05 | eventu · first_building Monastery |
| 38:25 | 記憶卡蛙 · age_up imperial |
| 40:04 | BoBo · age_up imperial |
| 40:05 | eventu · first_building Archery Range |
| 40:22 | eventu · age_up imperial |
| 41:56 | 宇先生 · first_building Castle |
[ AI ANALYSIS · 1 CREDIT ]
What really happened in this match?
Wolo.gg analyzes every decision: build order, eco, micro, common mistakes by bracket. Personalized analysis on WhatsApp or Discord in 30 seconds.
Civ guide
Armenians
Perfil
Jugador #15627710